 Dungeon Crawl Stone Soup version 0.21-a0-2-ge494091 (webtiles) character file.

193869 Manul the Peltast (level 17, -1/165 HPs)
             Began as a Yellow Draconian Fighter on May 20, 2017.
             Was the Champion of Jiyva.
             Slain by Manul's illusion (16 damage)
             ... woven by Mara
             ... on level 3 of the Vaults on May 21, 2017.
             The game lasted 01:25:37 (33923 turns).

Manul the Peltast (Yellow Draconian Fighter)       Turns: 33923, Time: 01:25:37

Health: -1/165     AC: 15    Str: 14    XL:     17   Next: 65%
Magic:  20/20      EV: 32    Int:  7    God:    Jiyva [******]
Gold:   1146       SH: 33    Dex: 47    Spells: 14/16 levels left

rFire    . . .     SeeInvis .   c - +9 sword of Zonguldrok {reap}
rCold    . . .     Gourm    +   D - +10 large shield of Ignorance {rN+ Int-4}
rNeg     + . .     Faith    .   (armour unavailable)
rPois    .         Spirit   .   P - +1 hat
rElec    +         Reflect  .   Q - scarf {repulsion}
rCorr    +         Harm     .   E - +2 pair of gloves of Ekhi {rElec Int+4}
MR       +....                  G - +0 pair of boots
Stlth    +++++.....             U - amulet of Xuwanyib {Gourm Dex+6}
Regen    0.4/turn               R - ring of Yrghoam {*Drain +Fly Str+7 Int+2}
MPRegen  0.2/turn               k - +4 ring of strength

@: about to teleport, marked, repel missiles
A: spit acid, acid resistance, unfitting armour, big wings, hooves 1, blink,
clever 1, sense surroundings 1, robust 1, electricity resistance, strong 1, wild
magic 1, acidic bite, gelatinous body 1, pseudopods 1, translucent skin 2,
tendrils, cold-blooded, AC +9
}: 1/15 runes: slimy
a: Breathe Acid, Fly, Blink, Request Jelly, Slimify, Cure Bad Mutation, Renounce
Religion, Evoke Flight


You were on level 3 of the Vaults.
You worshipped Jiyva.
Jiyva was exalted by your worship.
You were very full.

You visited 6 branches of the dungeon, and saw 32 of its levels.
You also visited: Labyrinth, Trove and Sewer.

You collected 3099 gold pieces.
You spent 1953 gold pieces at shops.

Inventory:

Hand Weapons
 c - the +9 sword of Zonguldrok (weapon) {reap}
   (You bought it in a shop on level 2 of the Orcish Mines)

   If a monster killed with it leaves a corpse in good enough shape, the corpse
   will be animated as a zombie friendly to the killer.
 g - a +5 dagger of draining
 j - the +7 Spriggan's Knife {MR+ EV+4 Dex+4 Stlth+}
   (You found it on level 14 of the Dungeon)

   It affects your evasion (+4).
   It affects your dexterity (+4).
   It affects your resistance to hostile enchantments.
   It makes you more stealthy.
 t - the cursed +13 scythe of Curses {drain, *Curse}
   (You found it on level 5 of the Pits of Slime)

   A truly terrible weapon, it drains the life of those it strikes.
   It curses itself when equipped.
   It has a curse placed upon it.
 I - the +8 triple sword "Esismamu" {venom, Str+4 Int+5}
   (You found it on level 5 of the Pits of Slime)

   It poisons the flesh of those it strikes.
   It affects your strength (+4).
   It affects your intelligence (+5).
 Z - the +7 sceptre of Torment
   (You found it in a treasure trove)
Armour
 D - the +10 large shield of Ignorance (worn) {rN+ Int-4}
   (You found it on level 5 of the Dungeon)

   It affects your intelligence (-4).
   It protects you from negative energy.
 E - the +2 pair of gloves of Ekhi (worn) {rElec Int+4}
   (You found it on level 4 of the Lair of Beasts)

   It affects your intelligence (+4).
   It insulates you from electricity.
 G - a +0 pair of boots (worn)
 M - a scarf of resistance
 P - a +1 hat (worn)
 Q - a scarf of repulsion (worn)
Jewellery
 k - a +4 ring of strength (right hand)
 l - an uncursed ring of fire {unknown}
 L - an uncursed ring of magical power
 R - the ring of Yrghoam (left hand) {*Drain +Fly Str+7 Int+2}
   (You found it in a labyrinth)

   [ring of flight]

   It affects your strength (+7).
   It affects your intelligence (+2).
   It lets you fly.
   It causes draining when unequipped.
 U - the amulet of Xuwanyib (around neck) {Gourm Dex+6}
   (You found it on level 6 of the Lair of Beasts)

   [amulet of the gourmand]

   It allows you to eat raw meat even when not hungry.
   It affects your dexterity (+6).
Wands
 a - a wand of confusion (30/48)
 e - a wand of clouds (0/9)
 q - a wand of acid (3/15)
 A - a wand of enslavement (3/24)
 J - a wand of confusion (36/48)
 N - a wand of confusion (25/48)
 S - a wand of paralysis (17/24)
Scrolls
 f - 11 scrolls of remove curse
 i - 4 scrolls of enchant weapon
 n - 4 scrolls of teleportation
 o - 2 scrolls of fog
 s - 5 scrolls of enchant armour
 w - a scroll of holy word
 y - 5 scrolls of magic mapping
 B - a scroll of fear
 F - a scroll of brand weapon {unknown}
 O - 8 scrolls of recharging
 V - a scroll of silence
Potions
 b - a potion of agility
 m - a potion of resistance
 p - 4 potions of flight {unknown}
 r - 4 potions of lignification
 v - 4 potions of magic
 x - 2 potions of curing
 z - a potion of invisibility
 C - a potion of degeneration {unknown}
 W - a potion of ambrosia
Miscellaneous
 T - a lamp of fire
Comestibles
 d - 6 bread rations
 h - 12 meat rations
 u - 4 royal jellies
 H - 4 fruits


   Skills:
 + Level 13.3 Fighting
 + Level 16.5 Long Blades
 + Level 13.4 Dodging
 - Level 5.1 Stealth
 + Level 18.7 Shields
 - Level 4.3 Evocations


You had 14 spell levels left.
You knew the following spells:

 Your Spells              Type           Power        Failure   Level  Hunger
a - Swiftness             Chrm/Air       #.......     88%         2    ###....


Dungeon Overview and Level Annotations

Branches:
Dungeon (15/15)            Temple (1/1) D:4            Lair (6/6) D:8
  Swamp (0/4) Lair:2       Spider (0/4) Lair:4        Slime (5/5) Lair:6
    Orc (2/2) D:10            Elf (0/3) Orc:2        Vaults (3/5) D:14
  Crypt (0/3) Vaults:2     Depths (0/5) D:15

Altars:
Ashenzari
Dithmenos
Elyvilon
Fedhas
Kikubaaqudgha
Makhleb
Okawaru
Ru
Zin
The Shining One
Jiyva

Shops:
D:4 ?   D:7 %   D:11 (   D:12 }   Orc:2 (=[*   Vaults:2 *

Annotations:
Lair:2 exclusion: oklob plant
Lair:4 exclusion: oklob plant
Slime:5 Royal Jelly
Vaults:3 Mara


Innate Abilities, Weirdness & Mutations

You can spit globs of acid.
You are resistant to acid.
Your golden yellow scales are hard. (AC +9)
You cannot fit into any form of body armour.
You have acidic saliva.
You are cold-blooded and may be slowed by cold attacks.
Your large and strong wings let you fly indefinitely.
You have large cloven feet.
You can translocate small distances at will.
Your mind is acute. (Int +2)
You passively map a small area around you.
You are robust. (+10% HP)
You are resistant to electric shocks. (rElec)
Your muscles are strong. (Str +2)
Your spells are a little harder to cast, but a little more powerful.
Your rubbery body absorbs attacks. (AC +1, EV +1)
Armour fits poorly on your pseudopods.
Your translucent skin reduces your foes' accuracy. (Stealth)
You are covered in slimy tendrils that may disarm your opponents.


Message History

The ironbrand convoker hits you but does no damage.
You block Manul's illusion's attack. The deep troll closely misses you.
The deep troll misses you. The deep troll completely misses you.
Mara blinks!
A freezing wraith comes into view.
As you read the scroll of teleportation, it crumbles to dust.
You feel strangely unstable.
Your very ugly thing zombie hits Manul's illusion but does no damage.
Your orc priest zombie completely misses Manul's illusion.
The freezing wraith moves out of view.
You block the ice dragon's attack. x2
The ice dragon completely misses you.
The ironbrand convoker gestures at Mara while chanting.
Mara seems to grow stronger.
The ironheart preserver casts a spell.
The ironheart preserver is healed somewhat.
You block Mara's attack. You block the deep troll's attack.
The deep troll claws you!
* * * LOW HITPOINT WARNING * * *
The deep troll claws you but does no damage.
Manul's illusion hits you!
You die...

#####)'##### #....#
*, #.)Z.# , *
#'###### #......#
#.Z.R..# ####
#ZZZ...# ....
#.@ep..#.....,
#.Z@pR.#..... *
#..DT........
#.RcY.T'..... ####
#......#..... ...#
######'##'##..... ,
...# #..........# *
### #..#
#..........# #..#
#..........#########
, #..#
#..................#


You could see 3 Maras, an ironheart preserver, an ice dragon, a deep troll, an
ironbrand convoker, a deep troll earth mage, a yaktaur, a deep elf mage, an ice
beast, Manul's illusion, 2 friendly very ugly thing zombies, a friendly orc
priest zombie, a friendly yaktaur zombie and a friendly ogre zombie.

Vanquished Creatures
  Agnes (D:15)
  A tengu reaver (D:14)
  6 vault wardens
  An orc warlord (Orc:2)
  Roxanne (D:15)
  Louise (D:15)
  6 ironheart preservers
  3 very ugly things
  3 stone giants
  Nessos (Orc:2)
  4 dire elephants (Lair:6)
  2 deep elf annihilators (Vaults:1)
  An ettin (Orc:2)
  A minotaur (Lab)
  3 yaktaur captains
  A fire dragon (D:15)
  Josephine (D:11)
  4 ice dragons
  6 hydras
  Erolcha (D:10)
  9 vault guards
  2 death knights
  An anaconda (Lair:6)
  10 centaur warriors
  23 two-headed ogres
  6 death yaks (D:8)
  2 deep troll shamans (Vaults:3)
  A dancing weapon (D:13)
  2 tengu warriors (D:14)
  A vampire mage (Vaults:2)
  6 ogre magi
  2 orc high priests (Orc:2)
  Sonja (Orc:2)
  3 deep elf knights
  4 skeletal warriors (D:11)
  2 unseen horrors
  6 deep trolls
  3 flayed ghosts
  2 deep elf archers
  4 wizards
  4 ironbrand convokers
  13 orc knights
  An orb spider (shapeshifter) (D:14)
  A wolf spider zombie (D:14)
  3 oklob plants (Lair:4)
  6 orc sorcerers
  2 deep elf magi
  A wolf spider (Vaults:1)
  2 manticores
  28 ugly things
  2 elephants (Lair:6)
  A guardian serpent (shapeshifter) (Vaults:2)
  5 cyclopes
  Joseph (Lair:1)
  7 vault sentinels
  2 centaur skeletons (D:14)
  Psyche (D:10)
  3 gargoyles
  7 spiny frogs
  9 komodo dragons
  A rime drake (Lair:5)
  19 yaktaurs
  A kobold demonologist (D:14)
  An efreet (D:15)
  A tengu conjurer (D:14)
  8 trolls
  A queen bee (Lair:6)
  A jumping spider (Vaults:3)
  4 meliai
  The ghost of Toogi the Shooter, an amateur DsHu (D:3)
  3 hornets
  A hornet (shapeshifter) (D:15)
  12 hippogriffs
  16 blink frogs
  3 shadows
  3 redbacks
  A tarantella (Lair:4)
  A wyvern (D:14)
  4 vampires
  6 wraiths
  55 yaks
  A golden eye (shapeshifter) (Vaults:2)
  A basilisk (shapeshifter) (D:9)
  7 basilisks
  A vampire mosquito (D:14)
  4 hungry ghosts
  Edmund (D:6)
  3 wargs
  13 water moccasins
  11 porcupines
  Duvessa (D:5)
  36 orc warriors
  A hornet zombie (D:14)
  6 necrophages (D:7)
  2 sky beasts
  3 black bears
  An ice beast (D:6)
  4 wolves (Lair:1)
  27 ogres
  8 centaurs
  4 phantoms
  24 crocodiles
  2 big kobolds
  20 bullfrogs
  A gnoll sergeant (D:10)
  Dowan (D:5)
  5 scorpions
  38 killer bees
  4 wights
  5 howler monkeys (D:8)
  An electric eel (Lair:2)
  6 crimson imps
  4 centaur zombies
  3 bullfrog zombies
  3 hounds
  A quasit (D:10)
  3 jellies
  A gnoll shaman (D:4)
  14 orc priests
  14 orc wizards
  2 bullfrog skeletons
  Ijyb (D:4)
  5 iguanas
  13 worker ants
  A killer bee zombie (D:7)
  2 hound skeletons
  A mummy (D:7)
  4 worker ant zombies
  12 adders
  19 gnolls
  2 shadow imps
  An adder zombie (D:7)
  A worm (D:1)
  6 leopard geckos
  65 orcs
  A ball python (D:7)
  9 bats
  12 giant cockroaches
  7 hobgoblins
  7 jackals
  18 kobolds
  2 quokkas
  6 frilled lizards
  4 goblins
  A jackal zombie (D:9)
  A quokka zombie (D:8)
  11 rats
  2 plants (Lair:4)
881 creatures vanquished.

Vanquished Creatures (collateral kills)
  A very ugly thing (Vaults:3)
  2 ironheart preservers
  2 ogre magi
  A vault guard (Vaults:2)
  A rakshasa (Vaults:2)
  A centaur warrior (Vaults:1)
  6 two-headed ogres
  A skeletal warrior (D:14)
  A deep elf archer (Vaults:2)
  2 orc knights
  An ugly thing (Vaults:2)
  An orc sorcerer (Vaults:3)
  A cyclops (D:15)
  A centaur zombie (D:14)
  3 vault sentinels (Vaults:3)
  A freezing wraith (Vaults:3)
  An orc warrior (D:14)
  3 centaurs (D:14)
  An ogre (Vaults:2)
  A big kobold (D:14)
  An orc wizard (Orc:2)
  4 orcs
37 creatures vanquished.

Vanquished Creatures (others)
  7 acid blobs (Slime:5)
  2 azure jellies (Slime:5)
  The ghost of Angani the Wallflower, an adept VSFi of Uskayaw (Slime:5)
  A death ooze (Slime:5)
  A great orb of eyes (Slime:5)
  A vault guard (Vaults:2)
  A centaur warrior (D:15)
  A glowing orange brain (Vaults:3)
  A wizard (Vaults:2)
  A deep elf mage (D:15)
  2 centaur skeletons
  A polar bear (Vaults:1)
  23 slime creatures
  A vampire (Vaults:2)
  A yak (Lair:5)
  2 shadows (Lab)
  A basilisk (Lab)
  A hungry ghost (Lab)
  A water moccasin (Lair:6)
  2 orc warriors
  An eye of draining (Slime:5)
  A boggart (shapeshifter) (Vaults:1)
  A centaur (D:15)
  4 bullfrogs
  A scorpion (D:10)
  3 killer bees
  159 jellies
  2 howler monkeys (D:14)
  2 crimson imps
  2 orc priests
  7 orc wizards
  3 worker ants
  An ogre skeleton (Lab)
  A leopard gecko (D:10)
  21 orcs
  12 fungi
  11 plants
284 creatures vanquished.

Grand Total: 1202 creatures vanquished

Notes
Turn   | Place    | Note
-------+----------+-------------------------------------------
     0 | D:1      | Manul the Draconian Fighter began the quest for the Orb.
     0 | D:1      | Reached XP level 1. HP: 19/19 MP: 1/1
   166 | D:1      | Reached XP level 2. HP: 25/26 MP: 2/2
  1007 | D:2      | Reached XP level 3. HP: 31/31 MP: 3/3
  1777 | D:2      | Reached XP level 4. HP: 40/40 MP: 4/4
  1785 | D:2      | Reached skill level 1 in Stealth
  2031 | D:3      | Noticed Toogi's ghost (amateur DsHu)
  2049 | D:3      | Killed Toogi's ghost
  2049 | D:3      | Reached skill level 4 in Shields
  2049 | D:3      | Reached XP level 5. HP: 24/47 MP: 5/5
  2049 | D:3      | Reached XP level 6. HP: 27/53 MP: 6/6
  2854 | D:2      | Found a shattered altar of Ashenzari.
  2994 | D:4      | Noticed Ijyb
  3004 | D:4      | Killed Ijyb
  3092 | D:4      | Found Uceycw's Magic Scroll Boutique.
  3098 | D:4      | Bought a scroll of teleportation for 33 gold pieces
  3209 | D:4      | Your scales start taking on a golden yellow colour.
  3209 | D:4      | Reached XP level 7. HP: 60/60 MP: 7/7
  3293 | D:4      | Reached skill level 5 in Shields
  3470 | D:4      | Found a staircase to the Ecumenical Temple.
  3628 | D:4      | Found a glowing golden altar of the Shining One.
  3674 | D:5      | Entered Level 5 of the Dungeon
  3786 | D:5      | Found a blossoming altar of Fedhas.
  3898 | Temple   | Entered the Ecumenical Temple
  4228 | D:5      | Found a glowing drain.
  4269 | Sewer    | Entered a sewer
  4527 | D:6      | Noticed Duvessa
  4527 | D:6      | Noticed Dowan
  4546 | D:5      | Killed Duvessa
  4547 | D:5      | Killed Dowan
  4547 | D:5      | Reached XP level 8. HP: 20/67 MP: 4/8
  4891 | D:6      | Reached skill level 5 in Dodging
  4906 | D:6      | Reached skill level 5 in Fighting
  4906 | D:6      | Reached skill level 5 in Stealth
  4912 | D:6      | Noticed Edmund
  4927 | D:6      | Killed Edmund
  5275 | D:6      | Reached skill level 5 in Long Blades
  5647 | D:7      | Reached skill level 6 in Shields
  5932 | D:7      | Reached XP level 9. HP: 38/73 MP: 6/9
  6331 | D:7      | Found Cuij Qoa's Food Shoppe.
  6969 | D:8      | Noticed a death yak
  6973 | D:8      | Noticed a death yak
  6979 | D:8      | Noticed a death yak
  6981 | D:8      | Found a staircase to the Lair.
  6981 | D:8      | Noticed a death yak
  6981 | D:8      | Noticed a death yak
  6981 | D:8      | Noticed a death yak
  7353 | D:8      | Got a warped falchion
  7354 | D:8      | Identified the +1 falchion of Terra Nullius {vamp, rPois MP-9 Str+4 Dex+6} (You found it on level 8 of the Dungeon)
  7980 | D:8      | Reached skill level 1 in Evocations
  8098 | D:8      | Killed a death yak
  8098 | D:8      | Reached skill level 7 in Shields
  8098 | D:8      | Reached XP level 10. HP: 49/80 MP: 0/11
  8274 | D:8      | Killed a death yak
  8282 | D:8      | Killed a death yak
  8282 | D:8      | Reached skill level 10 in Long Blades
  8293 | D:8      | Killed a death yak
  8306 | D:8      | Killed a death yak
  8898 | D:8      | Killed a death yak
  8898 | D:8      | Reached skill level 8 in Shields
  8898 | D:8      | Reached XP level 11. HP: 23/92 MP: 4/13
  9453 | Lair:1   | Entered Level 1 of the Lair of Beasts
  9871 | Lair:1   | Noticed Joseph
  9880 | Lair:1   | Killed Joseph
 11227 | Lair:2   | Found a staircase to the Swamp.
 11711 | Lair:3   | Reached skill level 9 in Shields
 12232 | Lair:3   | Noticed a six-headed hydra
 12509 | Lair:4   | Reached XP level 12. HP: 101/101 MP: 6/15
 13558 | Lair:4   | Found a hole to the Spider Nest.
 14647 | Lair:4   | Got a pair of translucent gloves
 14913 | Lair:4   | Identified the +2 pair of gloves of Ekhi {rElec Int+4} (You found it on level 4 of the Lair of Beasts)
 15284 | Lair:6   | Entered Level 6 of the Lair of Beasts
 15359 | Lair:6   | Reached skill level 10 in Shields
 15372 | Lair:6   | Found a staircase to the Slime Pits.
 15382 | Lair:6   | Found a viscous altar of Jiyva.
 15396 | Lair:6   | Became a worshipper of Jiyva Jopaubez the Shapeless
 15397 | Lair:6   | Found a labyrinth entrance.
 15530 | Lair:6   | Gained mutation: You are resistant to electric shocks. (rElec) [potion of mutation]
 15530 | Lair:6   | Gained mutation: You have a pair of small horns on your head. [potion of mutation]
 15530 | Lair:6   | Gained mutation: Your mind is acute. (Int +2) [potion of mutation]
 15602 | Lair:6   | Reached * piety under Jiyva
 15726 | Lab      | Entered a labyrinth
 16136 | Lab      | Noticed a minotaur
 16153 | Lab      | Killed a minotaur
 16167 | Lab      | Got a wavering glass ring
 16212 | Lab      | Identified the ring of Yrghoam {*Drain +Fly Str+7 Int+2} (You found it in a labyrinth)
 16484 | Lair:6   | Reached skill level 11 in Shields
 17122 | Lair:6   | Reached ** piety under Jiyva
 17217 | Lair:6   | Reached XP level 13. HP: 107/111 MP: 16/16
 17451 | Lair:6   | Noticed a dire elephant
 17451 | Lair:6   | Noticed a dire elephant
 17463 | Lair:6   | Killed a dire elephant
 17492 | Lair:6   | Got a smoking diamond amulet
 17494 | Lair:6   | Identified the amulet of Xuwanyib {Gourm Dex+6} (You found it on level 6 of the Lair of Beasts)
 17702 | Lair:6   | Killed a dire elephant
 17798 | Lair:6   | Noticed a dire elephant
 17835 | Lair:6   | Killed a dire elephant
 18013 | Lair:6   | Reached skill level 12 in Shields
 18048 | Lair:6   | Noticed a dire elephant
 18080 | Lair:6   | Killed a dire elephant
 18105 | Lair:6   | Noticed a dire elephant
 18154 | Lair:6   | Noticed a dire elephant
 18258 | Lair:5   | Reached *** piety under Jiyva
 18258 | Lair:5   | Gained mutation: You possess an exceptional clarity of mind. [Jiyva's grace]
 18326 | Lair:5   | Reached skill level 10 in Dodging
 18903 | Lair:2   | Found a white marble altar of Elyvilon.
 19781 | D:9      | Reached skill level 13 in Shields
 19790 | D:9      | Noticed a stone giant
 19800 | D:9      | Reached **** piety under Jiyva
 19825 | D:9      | Killed a stone giant
 19853 | D:9      | Lost mutation: You possess an exceptional clarity of mind. [Jiyva's grace]
 19896 | D:9      | Learned a level 2 spell: Swiftness
 19905 | D:9      | Reached ***** piety under Jiyva
 19912 | D:9      | Gained mutation: You have acidic saliva. [Jiyva's grace]
 20061 | D:9      | Mutation became permanent: You have acidic saliva. [Yellow Draconian growth]
 20061 | D:9      | Gained mutation: You have acidic saliva. [Yellow Draconian growth]
 20061 | D:9      | Reached XP level 14. HP: 119/119 MP: 17/17
 20119 | D:10     | Entered Level 10 of the Dungeon
 20338 | D:10     | Lost mutation: Your mind is acute. (Int +2) [Jiyva's grace]
 20355 | D:10     | Noticed Erolcha
 20357 | D:10     | Killed Erolcha
 20781 | D:10     | Noticed Psyche
 20792 | D:10     | Killed Psyche
 20872 | D:10     | Found a staircase to the Orcish Mines.
 20922 | D:10     | Reached ****** piety under Jiyva
 21153 | D:11     | Reached skill level 10 in Fighting
 21163 | D:11     | Reached skill level 14 in Shields
 21172 | D:11     | Lost mutation: You have a pair of small horns on your head. [Jiyva's grace]
 21417 | Orc:1    | Entered Level 1 of the Orcish Mines
 21502 | Orc:1    | Found a burning altar of Makhleb.
 21643 | Orc:1    | Gained mutation: You have a small jelly attached to you that may absorb incoming projectiles. [Jiyva's grace]
 21683 | Orc:1    | Gained mutation: You possess an exceptional clarity of mind. [Jiyva's grace]
 21801 | Orc:1    | Gained mutation: You can translocate small distances at will. [Jiyva's grace]
 21927 | Orc:2    | Entered Level 2 of the Orcish Mines
 21931 | Orc:2    | Noticed Sonja
 21972 | Orc:2    | Killed Sonja
 22004 | Orc:2    | Found Zinyh's General Store.
 22120 | Orc:2    | Noticed Nessos
 22127 | Orc:2    | Killed Nessos
 22168 | Orc:2    | Found Vyutuest's Antique Armour Shop.
 22169 | Orc:2    | Noticed an orc warlord
 22203 | Orc:2    | Killed an orc warlord
 22481 | Orc:2    | Found a staircase to the Elven Halls.
 22625 | Orc:2    | Gained mutation: You have large cloven feet. [Jiyva's grace]
 22654 | Orc:2    | Gained mutation: Your mind is acute. (Int +2) [Jiyva's grace]
 22706 | Orc:2    | Reached skill level 15 in Shields
 22734 | Orc:2    | Found Hikkucar's Jewellery Shop.
 22772 | Orc:2    | Gained mutation: Your mind is very acute. (Int +4) [Jiyva's grace]
 22774 | Orc:2    | Found Lenexumyg's Antique Weapon Shop.
 22810 | Orc:2    | Gained mutation: Your flesh is cold resistant. (rC+) [Jiyva's grace]
 23052 | Orc:2    | Gained mutation: Your large and strong wings let you fly indefinitely. [Jiyva's grace]
 23383 | D:11     | Got a slimy buckler
 23384 | D:11     | Identified the cursed -1 buckler "Lykes" {rCorr Dex+2} (You found it on level 11 of the Dungeon)
 23629 | D:11     | Gained mutation: You have a pair of small horns on your head. [Jiyva's grace]
 23897 | D:11     | Noticed Josephine
 23964 | D:11     | Killed Josephine
 24155 | D:11     | Found Pipehi's Antique Weapon Emporium.
 24297 | D:11     | Gained mutation: You are robust. (+10% HP) [Jiyva's grace]
 24834 | D:12     | Found Itojees's Gadget Shoppe.
 24860 | D:12     | Gained mutation: You are resistant to hostile enchantments. (MR+) [Jiyva's grace]
 25050 | D:12     | Gained mutation: Your spells are a little harder to cast, but a little more powerful. [Jiyva's grace]
 25717 | D:13     | Reached skill level 16 in Shields
 25869 | D:13     | Reached XP level 15. HP: 140/140 MP: 18/18
 25940 | D:13     | Found a portal to a secret trove of treasure.
 25984 | D:13     | Found an ancient bone altar of Kikubaaqudgha.
 26731 | Lair:1   | Lost mutation: You have a pair of small horns on your head. [Jiyva's grace]
 26870 | Slime:1  | Entered Level 1 of the Pits of Slime
 26882 | Slime:2  | Noticed an azure jelly
 26953 | Slime:4  | Noticed an acid blob
 26974 | Slime:5  | Entered Level 5 of the Pits of Slime
 26979 | Slime:5  | Noticed an azure jelly
 26985 | Slime:5  | Noticed an acid blob
 26987 | Slime:5  | Noticed an acid blob
 26987 | Slime:5  | Noticed an acid blob
 26992 | Slime:5  | Lost mutation: You have large cloven feet. [Jiyva's grace]
 26993 | Slime:5  | Noticed the Royal Jelly
 26993 | Slime:5  | Noticed Angani's ghost (adept VSFi)
 26994 | Slime:5  | Found a viscous altar of Jiyva.
 26995 | Slime:5  | Noticed an acid blob
 26996 | Slime:5  | Noticed an acid blob
 26996 | Slime:5  | Noticed an azure jelly
 26997 | Slime:5  | Killed an azure jelly
 27000 | Slime:5  | Killed an acid blob
 27000 | Slime:5  | Killed an azure jelly
 27004 | Slime:5  | Gained mutation: Scrolls take you a little longer to read. [Jiyva's grace]
 27008 | Slime:5  | Got a smoking lapis lazuli ring
 27012 | Slime:5  | Killed an acid blob
 27025 | Slime:5  | Noticed an acid blob
 27029 | Slime:5  | Killed an acid blob
 27032 | Slime:5  | Killed an acid blob
 27037 | Slime:5  | Killed an acid blob
 27040 | Slime:5  | Killed Angani's ghost
 27041 | Slime:5  | Lost mutation: You have a small jelly attached to you that may absorb incoming projectiles. [Jiyva's grace]
 27049 | Slime:5  | Killed an acid blob
 27053 | Slime:5  | Got a scintillating bone amulet
 27056 | Slime:5  | Got a faintly glowing triple sword
 27057 | Slime:5  | Killed an acid blob
 27065 | Slime:5  | Got a slimy rune of Zot
 27068 | Slime:5  | Identified the +8 triple sword "Esismamu" {venom, Str+4 Int+5} (You found it on level 5 of the Pits of Slime)
 27069 | Slime:5  | Identified the ring of Jenir {Dex+4 Stlth-} (You found it on level 5 of the Pits of Slime)
 27074 | Slime:5  | Identified the amulet "Ceiha" {Harm *Contam *Drain Str+3} (You found it on level 5 of the Pits of Slime)
 27086 | Slime:5  | Noticed an acid blob
 27087 | Slime:5  | Gained mutation: Potions are less effective at restoring your health. [mutagenic glow]
 27115 | Slime:2  | Noticed an azure jelly
 27115 | Slime:2  | Noticed an acid blob
 27469 | D:13     | You showed the slimy rune of Zot to enter a treasure trove
 27470 | Trove    | Entered a treasure trove
 27487 | Trove    | Got a slimy iron ring
 27520 | D:13     | Identified the ring of the Yeti {rElec rN+ MP+9 Str+2 SInv} (You found it in a treasure trove)
 27779 | Orc:2    | Bought the +9 sword of Zonguldrok {reap} for 1920 gold pieces
 28010 | D:14     | Noticed a tengu reaver
 28031 | D:14     | Killed a tengu reaver
 28200 | D:14     | Lost mutation: Scrolls take you a little longer to read. [Jiyva's grace]
 28574 | D:14     | Gained mutation: You passively map a small area around you. [Jiyva's grace]
 28803 | D:14     | Lost mutation: You are robust. (+10% HP) [Jiyva's grace]
 28816 | D:14     | Upgraded the game from 0.21-a0 to 0.21-a0-2-ge494091
 28880 | D:14     | Found a gate to the Vaults.
 29014 | D:14     | Lost mutation: Your mind is very acute. (Int +4) [Jiyva's grace]
 29113 | D:14     | Got a pair of translucent gloves
 29130 | D:14     | Identified the +1 pair of gloves of Grace {Int+3} (You found it on level 14 of the Dungeon)
 29345 | D:14     | Gained mutation: Your translucent skin slightly reduces your foes' accuracy. (Stealth) [Jiyva's grace]
 29377 | D:15     | Entered Level 15 of the Dungeon
 29419 | D:15     | Found a staircase to the Depths.
 29532 | D:15     | Noticed Roxanne
 29553 | D:15     | Killed Roxanne
 29554 | D:15     | Identified Roxanne's Reference Book on Shape Shifting (You took it off Roxanne on level 15 of the Dungeon)
 29634 | D:15     | Noticed Agnes
 29647 | D:15     | Killed Agnes
 29692 | D:15     | Gained mutation: You are robust. (+10% HP) [Jiyva's grace]
 29702 | D:15     | Gained mutation: You are covered in slimy tendrils that may disarm your opponents. [Jiyva's grace]
 29792 | D:15     | Noticed Louise
 29805 | D:15     | Killed Louise
 29812 | D:15     | Found a shadowy altar of Dithmenos.
 29826 | D:15     | Reached skill level 17 in Shields
 29850 | D:15     | Lost mutation: You possess an exceptional clarity of mind. [Jiyva's grace]
 30194 | Vaults:1 | Entered Level 1 of the Vaults
 30224 | Vaults:1 | Gained mutation: You have large cloven feet. [Jiyva's grace]
 30285 | Vaults:1 | Reached XP level 16. HP: 144/151 MP: 19/19
 30946 | Vaults:1 | Gained mutation: Your rubbery body absorbs attacks. (AC +1, EV +1) [Jiyva's grace]
 30954 | Vaults:1 | Gained mutation: You have a small jelly attached to you that may absorb incoming projectiles. [Jiyva's grace]
 31157 | Vaults:1 | Gained mutation: Your translucent skin reduces your foes' accuracy. (Stealth) [Jiyva's grace]
 31268 | Vaults:1 | Reached skill level 15 in Long Blades
 32122 | Vaults:2 | Found Teuhiov's Assorted Antiques.
 32154 | Vaults:2 | Lost mutation: Your flesh is cold resistant. (rC+) [Jiyva's grace]
 32249 | Vaults:2 | Gained mutation: Armour fits poorly on your pseudopods. [Jiyva's grace]
 32412 | Vaults:2 | Found a staircase to the Crypt.
 32447 | Vaults:2 | Lost mutation: Potions are less effective at restoring your health. [Jiyva's grace]
 32455 | Vaults:2 | Reached skill level 18 in Shields
 32668 | Vaults:2 | Reached XP level 17. HP: 162/162 MP: 20/20
 32720 | Vaults:2 | Lost mutation: You have a small jelly attached to you that may absorb incoming projectiles. [Jiyva's grace]
 32752 | Vaults:2 | Lost mutation: You are resistant to hostile enchantments. (MR+) [Jiyva's grace]
 33199 | Vaults:3 | Gained mutation: Your muscles are strong. (Str +2) [Jiyva's grace]
 33410 | Vaults:3 | Noticed Mara
 33449 | Vaults:3 | Noticed Manul's illusion
 33902 | Vaults:3 | Noticed Manul's illusion
 33923 | Vaults:3 | Slain by Manul's illusion

Vault maps used:
D:1:      lemuel_arrival_rhombus, serial_glass, glass_columns_a, glass_columns_b
D:2:      lemuel_upstairs_altar
D:3:      first_bread
D:4:      nicolae_tso_swordbearing_angel, minmay_temple_entry_from_below_a,
          serial_shops, shop, uniq_ijyb
D:5:      gup_sewer_entry_pipe, fedhas_altar_2
D:6:      uniq_edmund, uniq_duvessa
D:7:      serial_undead, serial_undead_d, serial_undead_a, serial_undead_f,
          serial_undead_b, serial_undead_d, serial_undead_e, serial_undead_f,
          serial_shops, shop, grunt_ogre_cave
D:8:      dpeg_lair_monsters, kennysheep_generic_room_12
D:9:      minmay_the_grid_triangle_9x9_recursive_2
D:10:     david_orc_2, uniq_psyche, uniq_erolcha
D:11:     serial_shops, shop, uniq_josephine
D:12:     serial_shops, shop, kennysheep_generic_room_15
D:13:     nicolae_trove_entry_diagonal, basic_altar
D:14:     cheibrodos_leafed_vault, lightli_vaults_fourway_checkpoint,
          minivault_23, kb_rosetta
D:15:     grunt_enter_depths_hoard, moated_statue,
          nicolae_dithmenos_shadow_blocks, uniq_roxanne, uniq_louise, uniq_agnes
Temple:   nicolae_temple_the_god_donut
Lair:1:   beast_lair_carwin_6, grunt_megastairs_2, uniq_joseph
Lair:2:   swamp_mist_pool, lemuel_oklob_altar
Lair:3:   kennysheep_basilisk_garden, lemuel_fruit_tree
Lair:4:   spider_nest_entry_rubble, grunt_megastairs_3,
          minmay_lair_oklob_chamber
Lair:5:   dragon1_lemuel
Lair:6:   due_jungle_book, slime_altar_1, special_room, lab_entry_generic
Slime:4:  nicolae_slime_welcoming_committee
Orc:1:    nicolae_orc_damp_corner, bloody_makhleb
Orc:2:    grunt_orc_gardens, grunt_orc_garden, grunt_orc_garden,
          grunt_orc_garden, grunt_orc_garden, uniq_nessos, uniq_sonja
Vaults:1: grunt_vaults_swirl, st_squares, ontoclasm_vaults_ligature,
          nicolae_vaults_rhombus_7, hangedman_vaults_nails, v_misc_27,
          vaults_dpeg_doors, ontoclasm_vaults_shuriken, serial_ice_b
Vaults:2: nicolae_vaults_meeting, v_misc_10, vaults_room_ringed_pool,
          dpeg_vaults_monster_box, hangedman_vaults_stretched_pinwheel,
          minmay_crypt_entry_vampire_xt, grunt_vaults_funnel,
          nicolae_vaults_gold_heap, serial_shops, shop
Vaults:3: grunt_vaults_diagonal, vaults_mumra_lcd, v_misc_22, vaults_room_grid,
          vaults_room_door_hall, nicolae_vaults_know_your_exits,
          vaults_room_door_hall, vaults_room_door_ring, v_misc_11, v_misc_3,
          uniq_mara
Lab:      labyrinth_spiral, lab_statue, nicolae_lab_grate, nicolae_lab_quarters,
          labyrinth_fake_exit, nicolae_lab_grate_2, labyrinth_skeletal_remains,
          labyrinth_glass_1, nicolae_lab_statue, nicolae_lab_stuck,
          nicolae_lab_very_dead_end, nicolae_lab_flowing_pool,
          nicolae_lab_dead_end, nicolae_lab_arrow
Trove:    trove_simple
Sewer:    sewer_the_crocodile

Skill      XL: |  1  2  3  4  5  6  7  8  9 10 11 12 13 14 15 16 17 |
---------------+----------------------------------------------------+-----
Dodging        | 3 4 5 6 8 9 10 11 12 13 | 13.4
Stealth        | 2 3 4 5 |  5.1
Fighting       | 4 5 6 7 8 9 10 11 12 13 | 13.3
Shields        | 4 5 6 7 8 9 11 13 16 17 18 | 18.7
Long Blades    | 3 6 9 10 12 13 14 15 16 | 16.5
Evocations     | 1 3 4 |  4.3

Action                   |  1- 3 |  4- 6 |  7- 9 | 10-12 | 13-15 | 16-18 || total
-------------------------+-------+-------+-------+-------+-------+-------++-------
Melee: Long sword        |    53 |       |       |       |       |       ||    53
       Tailslap          |     8 |    15 |    85 |   332 |   744 |   278 ||  1462
       Dagger            |    57 |    85 |    93 |   456 |  1687 |       ||  2378
       Falchion          |       |       |   354 |   765 |       |       ||  1119
       Headbutt          |       |       |       |    71 |   451 |       ||   522
       Bite              |       |       |       |       |   453 |   240 ||   693
       Kick              |       |       |       |       |   451 |   127 ||   578
       Double sword      |       |       |       |       |   401 |   856 ||  1257
       Knife             |       |       |       |       |    89 |       ||    89
       Pseudopods        |       |       |       |       |       |   220 ||   220
Invok: Slimify           |       |       |       |       |     3 |       ||     3
       Request Jelly     |       |       |       |       |       |     1 ||     1
 Abil: Breathe Acid      |       |       |     2 |     6 |    10 |       ||    18
       Evoke Flight      |       |       |       |       |     1 |       ||     1
Evoke: Wand              |       |       |       |    17 |     1 |       ||    18
       Lamp of fire      |       |       |       |       |     3 |       ||     3
  Use: Scroll            |     2 |     3 |    16 |    13 |     8 |     4 ||    46
       Potion            |     1 |     2 |     2 |    15 |     1 |       ||    21
 Stab: Sleeping          |     5 |    11 |    17 |    14 |    42 |    11 ||   100
       Distracted        |       |       |     2 |     2 |    29 |    17 ||    50
       Confused          |       |       |       |    15 |     6 |       ||    21
       Invisible         |       |       |       |       |     4 |       ||     4
  Eat: Chunk             |     3 |     1 |    15 |    19 |    26 |     1 ||    65
       Bread ration      |       |     1 |     1 |     3 |       |       ||     5
Armor: Skin              |    25 |    15 |    78 |   144 |    82 |    34 ||   378
Dodge: Dodged            |    53 |    22 |   188 |   402 |   441 |   332 ||  1438
       Deflected         |       |       |       |       |     2 |     5 ||     7
Block: Shield            |    53 |    36 |   225 |   750 |     1 |       ||  1065
       Reflection        |       |       |       |    11 |       |       ||    11
       Large shield      |       |       |       |       |  2101 |   999 ||  3100
       Rpst.: Long sword |     6 |       |       |       |       |       ||     6
       Falchion          |       |       |    45 |    63 |       |       ||   108
       Double sword      |       |       |       |       |    21 |    57 ||    78
